Map: Automaton LE

Players

IIIIIIIIIII - Winner!

  • Race: Zerg Zerg
  • League: Master
  • Spawn Location: 3:00

Rail

  • Race: Protoss Protoss
  • League: Grandmaster
  • Spawn Location: 9:00

VOD

Have the link to the VOD?

Description

Time

  • Played on: Dec. 27, 2018, 8:39 a.m.
  • Length: 14:37
Show
View Real Time Build Order
Export as new Build Order

IIIIIIIIIII Zerg - Winner!

Build Orders: Hatch First, Brood Lord Corruptor 

Get SALT Encoding   

  12  0:01  Drone  
  13  0:13  Overlord  
  13  0:18  Drone  
  14  0:31  Drone x2  
  16  0:49  Hatchery  
  15  0:53  Drone  
  15  0:56  Drone  
  17  0:59  Drone  
  18  1:11  Extractor  
  17  1:15  Spawning Pool  
  16  1:18  Drone  
  16  1:22  Drone  
  18  1:29  Drone  
  19  1:40  Drone  
  20  1:52  Overlord  
  20  2:03  Queen x2, Zergling x2  
  20  2:04  Zergling x2  
  26  2:12  Metabolic Boost  
  26  2:14  Drone  
  26  2:15  Drone  
  28  2:25  Drone x2  
  30  2:39  Hatchery  
  30  2:41  Drone  
  30  2:45  Drone  
  30  2:47  Drone  
  30  2:51  Overlord  
  32  2:54  Drone  
  33  3:00  Drone  
  33  3:07  Drone x2  
  33  3:11  Drone x2  
  33  3:12  Drone x3  
  40  3:17  Queen  
  41  3:22  Overlord  
  41  3:24  Drone  
  41  3:25  Drone  
  43  3:37  Spore Crawler  
  43  3:39  Spore Crawler, Drone  
  43  3:41  Drone x3  
  45  3:46  Drone x3  
  48  3:50  Drone  
  48  3:51  Queen  
  51  3:56  Queen  
  51  3:58  Drone  
  51  4:02  Overlord  
  54  4:03  Drone  
  54  4:06  Drone  
  54  4:07  Evolution Chamber  
  54  4:09  Drone  
  56  4:11  Overlord  
  56  4:14  Overlord  
  56  4:30  Overlord  
  56  4:31  Lair, Drone x8  
  64  4:35  Zerg Missile Weapons Level 1  
  64  4:36  Drone  
  65  4:38  Drone  
  65  4:39  Extractor  
  65  4:40  Extractor  
  65  4:41  Drone  
  65  4:47  Drone  
  65  4:48  Drone x3  
  65  4:52  Drone  
  70  4:56  Drone x4  
  74  5:00  Baneling Nest  
  74  5:02  Drone  
  74  5:03  Drone  
  75  5:08  Extractor x2, Zergling x8  
  75  5:11  Drone  
  78  5:15  Drone  
  78  5:18  Extractor  
  78  5:22  Drone x2  
  78  5:26  Drone x2  
  81  5:29  Overlord  
  81  5:31  Drone  
  81  5:40  Hydralisk Den  
  80  5:46  Zergling x6  
  80  5:47  Overlord  
  80  5:48  Overlord  
  80  5:51  Drone x3  
  80  5:52  Drone  
  80  5:56  Spore Crawler  
  83  6:00  Centrifical Hooks  
  83  6:03  Infestation Pit  
  82  6:04  Evolution Chamber  
  82  6:11  Hydralisk x4, Grooved Spines  
  82  6:15  Drone x7  
  97  6:19  Hatchery  
  96  6:30  Zerg Missile Weapons Level 2  
  96  6:32  Zerg Melee Weapons Level 1  
  96  6:35  Hatchery  
  96  6:36  Drone x8  
  103  6:41  Hive  
  103  6:43  Zergling x6  
  106  6:47  Spire  
  105  7:04  Drone  
  105  7:05  Overlord  
  105  7:07  Overlord x3  
  106  7:09  Overlord  
  106  7:11  Overlord  
  106  7:12  Extractor  
  106  7:14  Extractor  
  104  7:17  Hydralisk  
  104  7:21  Overlord  
  106  7:22  Muscular Augments  
  106  7:24  Hydralisk x8  
  106  7:25  Hydralisk x2  
  106  7:26  Overseer  
  106  7:29  Pneumatized Carapace  
  125  7:39  Drone x3  
  125  7:40  Drone x3  
  125  7:42  Queen  
  133  7:56  Drone  
  133  7:57  Drone x2  
  136  7:59  Hydralisk x2, Greater Spire  
  136  8:00  Zergling x20  
  136  8:03  Baneling x7  
  150  8:09  Hydralisk  
  150  8:10  Zergling x12  
  158  8:16  Overlord  
  158  8:20  Zergling x2  
  158  8:21  Zergling x20  
  169  8:31  Zerg Melee Weapons Level 2  
  169  8:35  Overseer  
  169  8:36  Overlord x2  
  169  8:38  Zergling x22  
  180  8:52  Zerg Missile Weapons Level 3, Corruptor  
  180  8:53  Overlord  
  180  8:55  Corruptor x6  
  188  9:00  Extractor  
  193  9:03  Drone x2  
  193  9:04  Drone x3  
  193  9:05  Extractor, Drone  
  193  9:06  Overlord  
  198  9:13  Zerg Flyer Armor Level 1  
  198  9:14  Drone  
  198  9:15  Spire  
  198  9:31  Spore Crawler  
  198  9:32  Spore Crawler x5  
  198  9:37  Drone x2  
  198  9:38  Drone x3  
  197  9:39  Drone x3  
  200  9:46  Pathogen Glands  
  200  9:59  Spore Crawler  
  199  10:00  Spore Crawler  
  199  10:01  Spore Crawler x3  
  199  10:02  Spore Crawler  
  199  10:04  Spore Crawler x2  
  199  10:06  Brood Lord x4  
  199  10:09  Adrenal Glands  
  199  10:15  Spine Crawler x2  
  197  10:34  Brood Lord  
  197  10:45  Drone x3  
  200  10:54  Zerg Melee Weapons Level 3  
  200  10:56  Zerg Flyer Weapons Level 1  
  200  10:57  Spore Crawler x2  
  200  10:58  Spore Crawler  
  197  11:08  Brood Lord  
  199  11:17  Spine Crawler  
  199  11:18  Brood Lord, Spine Crawler x2  
  198  11:19  Drone x2  
  199  11:26  Neural Parasite  
  199  11:27  Burrow  
  199  11:29  Zerg Ground Armor Level 1  
  199  11:30  Spore Crawler, Overseer x4  
  199  11:31  Spore Crawler  
  199  11:32  Hatchery  
  191  11:33  Corruptor x2  
  161  11:55  Infestor x13  
  187  12:06  Corruptor x3  
  193  12:14  Brood Lord  
  171  12:24  Corruptor x4  
  171  12:29  Corruptor  
  165  12:35  Corruptor x2  
  165  12:36  Queen  
  165  12:37  Queen x3  
  177  12:45  Corruptor  
  177  12:46  Corruptor  
  177  12:50  Spore Crawler x3  
  177  12:51  Spore Crawler x3  
  175  12:52  Spore Crawler  
  175  12:53  Spore Crawler x3, Extractor  
  175  12:57  Drone  
  171  12:59  Drone x8  
  171  13:00  Drone x3  
  171  13:04  Spine Crawler  
  181  13:05  Spine Crawler  
  181  13:07  Corruptor  
  181  13:08  Corruptor x3  
  188  13:14  Corruptor  
  190  13:39  Corruptor x5  
Show
View Real Time Build Order
Export as new Build Order

Rail Protoss 

Build Orders: 1 Gate Expand, Oracle Opening, Carriers 

Get SALT Encoding   

  12  0:01  Probe  
  13  0:13  Probe  
  14  0:19  Pylon  
  14  0:24  Probe  
  15  0:33  Probe  
  15  0:40  Gateway  
  15  0:41  Probe  
  17  0:51  Probe  
  17  0:54  Assimilator  
  18  1:03  Probe  
  19  1:22  Nexus  
  19  1:33  Cybernetics Core  
  19  1:36  Probe  
  20  1:41  Assimilator  
  20  1:48  Probe  
  20  1:53  Pylon  
  21  1:57  Probe  
  22  2:05  Probe  
  22  2:12  Stalker  
  22  2:13  Probe  
  25  2:22  Probe  
  26  2:25  Stargate  
  27  2:31  Probe x2  
  27  2:36  Warp Gate  
  29  2:39  Probe  
  29  2:42  Probe  
  31  2:48  Probe  
  31  2:49  Adept  
  34  2:56  Probe  
  35  3:00  Probe  
  36  3:08  Probe  
  36  3:09  Probe  
  36  3:14  Oracle  
  40  3:20  Probe x2  
  40  3:23  Gateway  
  42  3:27  Pylon  
  42  3:30  Probe  
  42  3:32  Probe  
  44  3:36  Adept  
  46  3:43  Probe, Shield Battery  
  46  3:45  Probe  
  48  3:51  Probe  
  48  3:53  Assimilator  
  49  4:04  Pylon  
  49  4:10  Probe  
  49  4:14  Nexus  
  49  4:16  Probe  
  51  4:19  Assimilator  
  51  4:23  Robotics Facility  
  51  4:26  Robotics Facility  
  51  4:29  Probe  
  52  4:32  Shield Battery  
  52  4:35  Probe  
  52  4:37  Pylon  
  53  4:38  Sentry  
  53  4:39  Sentry  
  53  4:42  Probe  
  58  4:47  Probe  
  59  4:56  Probe  
  60  5:01  Probe  
  60  5:03  Fleet Beacon, Pylon  
  60  5:05  Forge  
  61  5:09  Probe  
  61  5:14  Probe  
  63  5:15  Observer  
  63  5:18  Immortal  
  63  5:21  Probe  
  69  5:22  Probe  
  69  5:25  Probe  
  71  5:29  Probe  
  71  5:30  Probe  
  71  5:33  Probe  
  73  5:36  Pylon  
  73  5:37  Probe  
  73  5:38  Protoss Ground Weapons Level 1  
  73  5:41  Probe  
  75  5:46  Probe  
  77  5:56  Probe  
  76  5:59  Probe  
  76  6:03  Twilight Council  
  77  6:05  Probe  
  77  6:06  Immortal  
  77  6:07  Immortal  
  77  6:09  Probe  
  77  6:10  Assimilator x2  
  87  6:14  Stargate  
  87  6:15  Stargate  
  87  6:18  Probe  
  88  6:21  Pylon  
  88  6:22  Probe, Gateway  
  89  6:25  Gateway  
  89  6:26  Pylon  
  89  6:28  Gateway, Pylon  
  89  6:30  Gateway  
  89  6:33  Carrier, Gateway  
  89  6:37  Pylon  
  89  6:45  Charge  
  89  6:46  Protoss Air Weapons Level 1  
  95  6:57  Zealot, Pylon x2  
  95  6:58  Pylon  
  95  6:59  Zealot  
  99  7:03  Carrier  
  99  7:06  Photon Cannon  
  105  7:21  Templar Archives  
  105  7:25  Probe  
  106  7:32  Carrier, Protoss Shields Level 1  
  106  7:33  Probe  
  106  7:34  Probe  
  106  7:35  Nexus  
  108  7:37  Pylon  
  114  7:45  Probe  
  114  7:47  Probe  
  116  7:54  Pylon  
  116  7:56  Carrier  
  122  7:59  Probe, Shield Battery  
  122  8:04  Shield Battery  
  123  8:06  Probe  
  123  8:07  Probe  
  123  8:10  Psionic Storm  
  125  8:14  Photon Cannon  
  125  8:16  Photon Cannon  
  125  8:21  High Templar, Assimilator  
  125  8:26  Assimilator  
  127  8:30  High Templar, Zealot x3  
  127  8:33  Zealot  
  137  8:37  Pylon  
  137  8:43  Carrier  
  137  8:46  Carrier  
  143  8:49  Protoss Air Weapons Level 2  
  143  8:52  Probe  
  144  8:57  Shield Battery  
  150  9:03  Photon Cannon  
  150  9:05  Probe, Shield Battery  
  151  9:13  Photon Cannon  
  151  9:15  High Templar  
  151  9:16  Zealot  
  155  9:21  Carrier, High Templar  
  155  9:22  Zealot x2  
  161  9:26  Pylon  
  167  9:38  Carrier  
  167  9:44  Gateway  
  167  9:45  Gateway  
  167  9:48  Carrier  
  179  10:02  Stargate  
  179  10:20  Stargate  
  179  10:22  Nexus  
  179  10:24  Protoss Shields Level 2  
  179  10:25  Carrier  
  181  10:43  Carrier  
  181  10:46  Photon Cannon  
  187  10:51  Photon Cannon  
  187  10:53  Photon Cannon  
  187  10:55  Photon Cannon  
  187  10:56  Protoss Air Weapons Level 3  
  187  10:57  Warp Prism  
  188  11:04  Observer  
  188  11:08  Zealot  
  188  11:09  Zealot x4  
  195  11:13  Pylon  
  195  11:31  Carrier  
  188  11:45  Observer  
  188  11:46  Carrier  
  188  11:47  Carrier  
  196  12:24  Nexus  
  189  12:35  Carrier  
  189  12:36  Zealot x2  
  197  12:54  Photon Cannon  
  197  12:56  High Templar x4  
  199  12:59  Void Ray x2  
  199  13:00  Archon  
  199  13:01  Archon  
  197  13:24  High Templar  
  197  13:25  Photon Cannon  
  197  13:29  Photon Cannon  
Tags
 
Add a new tag
Caveats
  • Supply blocks, unpowered buildings, or Contaminate may cause inaccurate times.
  • Supply counts are checked every 10 seconds.